 Dungeon Crawl Stone Soup version 0.30-a0-358-g0d69a1922f (webtiles) character file.

Game seed: 9101074799181616834

562832 runemasterragnar the Slayer (level 25, -2/251 HPs)
             Began as a Minotaur Monk on Nov 9, 2022.
             Was the Champion of Cheibriados.
             Slain by a daeva
             ... wielding a +3 long sword of holy wrath
              (18 damage)
             ... in Pandemonium on Nov 10, 2022.
             The game lasted 01:55:20 (64093 turns).

runemasterragnar the Slayer (Minotaur Monk)        Turns: 64093, Time: 01:55:21

Health: -2/251     AC: 47    Str: 50    XL:     25   Next: 40%
Magic:  0/35       EV: 16    Int: 40    God:    Cheibriados [******]
Gold:   5118       SH: 11    Dex: 28    Spells: 19/24 levels left

rFire   + + +      SeeInvis +    R - +9 broad axe (protect)
rCold   + + +      Faith    .    N - +1 buckler of Gulekos {rElec rN++}
rNeg    + + +      Spirit   +    j - +10 gold dragon scales "Quggomn" {Contam Harm rPois rF+ rC+ Will++ Int+8}
rPois   +          Reflect  .    J - +1 hat
rElec   +          Harm     +    t - +2 cloak {rCorr}
rCorr   +          Rampage  .    D - +2 pair of gloves {Str+3}
Will    +++..                    U - +0 pair of boots of the Pink Corner {rF+ SInv}
Stlth   ..........               p - amulet of the Firefly {Spirit Drain rF+ rN+ Int+8}
HPRegen 0.61/turn                a - ring "Bytarrube" {rPois rC+ Str+6 Int+2 SInv}
MPRegen 0.24/turn                i - ring of protection from cold

@: about to teleport, glowing, studying Stealth, very slow
A: horns 2, retaliatory headbutt, clumsy 1
}: 3/15 runes: serpentine, barnacled, silver
a: Renounce Religion, Bend Time, Temporal Distortion, Slouch, Step From Time


You were in Pandemonium.
You worshipped Cheibriados.
Cheibriados was exalted by your worship.
You visited 9 branches of the dungeon, and saw 45 of its levels.
You visited Pandemonium 1 time, and saw 1 of its levels.
You visited 1 bazaar.
You also visited: Trove, Gauntlet, Ice Cave and Desolation.

You collected 7883 gold pieces.
You spent 2765 gold pieces at shops.

Inventory:

Hand Weapons
 g - a +3 sacred scourge of holy wrath
 k - the +14 obsidian axe {vorpal, Mesm Drain Fly SInv}
   (You found it on level 1 of the Depths)

   It inflicts extra damage upon your enemies.
   It occasionally summons demons to assist the wielder when it strikes in
   combat.
   Its wielder is mesmerised by any visible foes.
   It cannot be unequipped while any foes are visible.
   SInv:      It lets you see invisible.
   Fly:       It grants you flight.
   Drain:     It drains your maximum health when unequipped.
 R - a +9 broad axe of protection (weapon)
Missiles
 c - 12 throwing nets
 e - 13 silver javelins (quivered)
Armour
 j - the +10 gold dragon scales "Quggomn" (worn) {Contam Harm rPois rF+ rC+ Will++ Int+8}
   (You bought it in a shop on level 2 of the Dungeon)

   Int:       It affects your intelligence (+8).
   rF:        It protects you from fire.
   rC:        It protects you from cold.
   rPois:     It protects you from poison.
   Contam:    It causes magical contamination when unequipped.
   Harm:      It increases damage dealt and taken.
   Will:      It greatly increases your willpower.
 t - a +2 cloak of preservation (worn)
 D - a +2 pair of gloves of strength (worn)
 J - a +1 hat (worn)
 N - the +1 buckler of Gulekos (worn) {rElec rN++}
   (You found it in a treasure trove)

   rElec:     It insulates you from electricity.
   rN:        It greatly protects you from negative energy.
 U - the +0 pair of boots of the Pink Corner (worn) {rF+ SInv}
   (You found it in a treasure trove)

   rF:        It protects you from fire.
   SInv:      It lets you see invisible.
Jewellery
 a - the ring "Bytarrube" (left hand) {rPois rC+ Str+6 Int+2 SInv}
   (You found it in the Desolation of Salt)

   [ring of strength]

   Str:       It affects your strength (+6).
   Int:       It affects your intelligence (+2).
   rC:        It protects you from cold.
   rPois:     It protects you from poison.
   SInv:      It lets you see invisible.
 i - a ring of protection from cold (right hand)
 p - the amulet of the Firefly (around neck) {Spirit Drain rF+ rN+ Int+8}
   (You found it in a Gauntlet)

   [amulet of guardian spirit]

   It causes incoming damage to be divided between your reserves of health and
   magic.
   Int:       It affects your intelligence (+8).
   rF:        It protects you from fire.
   rN:        It protects you from negative energy.
   Drain:     It drains your maximum health when unequipped.
 s - a +4 ring of slaying
Wands
 m - a wand of digging (6)
 y - a wand of charming (42)
 A - a wand of mindburst (39)
 F - a wand of acid (13)
 I - a wand of roots (23)
Scrolls
 b - a scroll of poison
 q - 4 scrolls of magic mapping
 w - 30 scrolls of identify
 z - 5 scrolls of blinking
 B - 18 scrolls of teleportation
 K - 3 scrolls of amnesia
 P - 9 scrolls of butterflies
 V - 4 scrolls of fear
Potions
 f - 14 potions of attraction
 h - 2 potions of invisibility
 l - 18 potions of curing
 o - 4 potions of magic
 x - 2 potions of cancellation
 C - 4 potions of mutation
 G - 2 potions of brilliance
 L - 2 potions of flight
 Q - a potion of might
 T - 14 potions of ambrosia
 Y - 3 potions of berserk rage
Miscellaneous
 M - a box of beasts
 O - a box of beasts
 X - a phantom mirror


   Skills:
 + Level 25.6 Fighting
 + Level 23.7 Axes
 + Level 25.4 Armour
 - Level 8.1 Dodging
 - Level 1.5 Stealth
 - Level 15.8 Shields
 + Level 21.9 Unarmed Combat
 + Level 19.8 Invocations


You had 19 spell levels left.
You knew the following spells:

 Your Spells              Type           Power      Damage    Failure   Level
a - Wereblood             Tmut           0%         N/A       26%         2
b - Blink                 Tloc           0%         N/A       26%         2
c - Apportation           Tloc           0%         N/A       17%         1

Your spell library contained the following spells:

 Spells                   Type           Power      Damage    Failure   Level
 Beastly Appendage        Tmut           0%         N/A       17%         1
 Foxfire                  Conj/Fire      0%         2x1d4     17%         1
 Freeze                   Ice            0%         1d3       17%         1
 Kiss of Death            Conj/Necr      0%         2d5       17%         1
 Magic Dart               Conj           0%         1d3       17%         1
 Necrotise                Necr           0%         1d4       17%         1
 Sandblast                Erth           0%         2d4       17%         1
 Sting                    Tmut/Pois      0%         1d3       17%         1
 Summon Small Mammal      Summ           0%         N/A       17%         1
 Call Imp                 Summ           0%         N/A       26%         2
 Cigotuvi's Dreadful Rot  Necr/Pois/Air  0%         N/A       26%         2
 Ensorcelled Hibernation  Hex/Ice        0%         N/A       26%         2
 Passwall                 Tmut/Erth      0%         N/A       26%         2
 Poisonous Vapours        Pois/Air       0%         N/A       26%         2
 Scorch                   Fire           0%         2d5       26%         2
 Sublimation of Blood     Necr           0%         N/A       26%         2
 Call Canine Familiar     Summ           0%         N/A       45%         3
 Confusing Touch          Hex            0%         N/A       45%         3
 Frozen Ramparts          Ice            0%         1d1       45%         3
 Gell's Gravitas          Tloc           0%         N/A       45%         3
 Hailstorm                Conj/Ice       0%         3d3       45%         3
 Ignite Poison            Fire/Tmut/Pois 0%         N/A       45%         3
 Kindle Blastsparks       Fire/Tloc/Air  0%         2d10      45%         3
 Lesser Beckoning         Tloc           0%         N/A       45%         3
 Mephitic Cloud           Conj/Pois/Air  0%         N/A       45%         3
 Portal Projectile        Hex/Tloc       0%         N/A       45%         3
 Spider Form              Tmut/Pois      0%         N/A       45%         3
 Stone Arrow              Conj/Erth      0%         3d7       45%         3
 Summon Guardian Golem    Hex/Summ       0%         N/A       45%         3
 Swiftness                Air            0%         N/A       45%         3
 Teleport Other           Tloc           0%         N/A       45%         3
 Vampiric Draining        Necr           0%         2d6       45%         3
 Vhi's Electric Charge    Tloc/Air       0%         N/A       45%         3
 Airstrike                Air            0%         2d(0-16)  86%         4
 Anguish                  Hex/Necr       0%         N/A       86%         4
 Animate Armour           Summ/Erth      0%         N/A       86%         4
 Animate Dead             Necr           0%         N/A       86%         4
 Cause Fear               Hex            0%         N/A       86%         4
 Dispel Undead            Necr           0%         3d6       86%         4
 Flame Wave               Conj/Fire      0%         2d4       86%         4
 Fulminant Prism          Conj/Hex       0%         3d5       86%         4
 Iskenderun's Mystic Bla  Conj/Tloc      0%         2d3       86%         4
 Leda's Liquefaction      Hex/Erth       0%         N/A       86%         4
 Olgreb's Toxic Radiance  Pois           0%         N/A       86%         4
 Passage of Golubria      Tloc           0%         N/A       86%         4
 Petrify                  Tmut/Erth      0%         N/A       86%         4
 Sticky Flame             Conj/Fire      0%         2d3       86%         4
 Summon Ice Beast         Ice/Summ       0%         N/A       86%         4
 Agony                    Necr           0%         N/A       99%         5
 Alistair's Intoxication  Tmut/Pois      0%         N/A       99%         5
 Arcjolt                  Conj/Air       0%         1d10      99%         5
 Blade Hands              Tmut           0%         N/A       99%         5
 Borgnjor's Vile Clutch   Necr/Erth      0%         N/A       99%         5
 Fireball                 Conj/Fire      0%         3d3       99%         5
 Freezing Cloud           Conj/Ice/Air   0%         6-21      99%         5
 Irradiate                Conj/Tmut      0%         3d11      99%         5
 Lee's Rapid Deconstruct  Erth           0%         3d4*      99%         5
 Lightning Bolt           Conj/Air       0%         1d11      99%         5
 Silence                  Hex/Air        0%         N/A       99%         5
 Summon Forest            Summ/Tloc      0%         N/A       99%         5
 Summon Mana Viper        Hex/Summ       0%         N/A       99%         5
 Death Channel            Necr           0%         N/A       100%        6
 Dispersal                Tloc           0%         N/A       100%        6
 Eringya's Noxious Bog    Tmut/Pois      0%         N/A       100%        6
 Iron Shot                Conj/Erth      0%         9d1       100%        6
 Starburst                Conj/Fire      0%         6d3       100%        6
 Statue Form              Tmut/Erth      0%         N/A       100%        6
 Dragon Form              Tmut           0%         N/A       100%        7
 Haunt                    Necr/Summ      0%         N/A       100%        7
 Malign Gateway           Summ/Tloc      0%         N/A       100%        7
 Monstrous Menagerie      Summ           0%         N/A       100%        7
 Spellforged Servitor     Conj/Summ      0%         N/A       100%        7
 Storm Form               Tmut/Air       0%         N/A       100%        7
 Summon Hydra             Summ           0%         N/A       100%        7
 Borgnjor's Revivificati  Necr           0%         N/A       100%        8
 Ignition                 Fire           0%         3d3       100%        8
 Infestation              Necr           0%         N/A       100%        8
 Lehudib's Crystal Spear  Conj/Erth      0%         10d2      100%        8
 Summon Horrible Things   Summ           0%         N/A       100%        8
 Dragon's Call            Summ           0%         N/A       100%        9


Dungeon Overview and Level Annotations

Branches:
Dungeon (15/15)            Temple (0/1) D:7            Lair (5/5) D:8
 Shoals (4/4) Lair:3        Snake (4/4) Lair:2        Slime (0/5) Lair:5
    Orc (2/2) D:9             Elf (3/3) Orc:2        Vaults (5/5) D:14
  Crypt (3/3) Vaults:2       Tomb (0/3) Crypt:3      Depths (4/4) D:15
    Zot (0/5) Depths:4      IceCv (visited)         Desolation (visited)
Gauntlet (visited)

Altars:
Ashenzari
Cheibriados
Dithmenos
Elyvilon
Kikubaaqudgha
Makhleb
Nemelex Xobeh
Okawaru
Ru
Vehumet
Xom
Yredelemnul
Zin
Jiyva
Lugonu

Shops:
D:2 [[   D:6 !   D:8 *   D:9 ?   Orc:2 !:::   Elf:1 (   Elf:3 (   Shoals:3 =
Snake:1 [   Vaults:1 =   Vaults:4 (!:*:   Depths:1 :   Depths:4 :===

Portals:
Hell: Depths:1 Depths:2 Depths:3 Depths:4
Abyss: Depths:2 Depths:3
Pandemonium: Depths:2
Ziggurat: Depths:2

Annotations:
Lair:1 2 transporters, billz999's ghost, journeyman GnHu


Innate Abilities, Weirdness & Mutations

You have a pair of horns on your head.
You reflexively headbutt those who attack you in melee.
You are clumsy. (Dex -2)


Message History

The daeva calls down the wrath of Zin upon you.
Zin smites you!
* * * LOW HITPOINT WARNING * * *
The daeva calls down the wrath of Zin upon you.
Zin smites you!
* * * LOW HITPOINT WARNING * * *
You block the daeva's attack. x2
Unknown command.
You feel much better. The daeva hits you but does no damage.
The daeva misses you.
The daeva hits you with a +5 scimitar of holy wrath!
* * * LOW HITPOINT WARNING * * *
You block the daeva's attack.
The daeva calls down the wrath of Zin upon you.
Zin smites you!
* * * LOW HITPOINT WARNING * * *
Unknown command.
Unknown command.
The daeva blocks your attack.
You completely miss the daeva. The daeva blocks your attack.
You block the daeva's attack.
The daeva hits you but does no damage. x2; The daeva misses you.
The daeva calls down the wrath of Zin upon you.
Zin smites you!
* * * LOW HITPOINT WARNING * * *
Unknown command.
Unknown command.
You feel better.
An angel comes into view. It is wielding a +3 whip of holy wrath.
The daeva closely misses you. The daeva hits you but does no damage.
The daeva calls down the wrath of Zin upon you.
Zin smites you!
* * * LOW HITPOINT WARNING * * *
The daeva hits you with a +2 long sword of holy wrath.
* * * LOW HITPOINT WARNING * * *
You block the daeva's attack.
Unknown command.
Unknown command.
You feel better.
The daeva hits you with a +3 long sword of holy wrath!
You die...

#).######### #..#########
####........ ............. .
............ ... ...#.......
....##############......##..
.......#.#A#)#.#.#.#...## #.
#.'..A@A....A......## #
.^.....#.#.#.#.#.#.#.....###
....##############..........
... ........#......# .
.##.........####
#......##### ....##### .###


You could see 3 daevas and an angel.

Vanquished Creatures
  2 dread liches
  Mara (Elf:3)
  Josephina (Crypt:2)
  Vv (Depths:2)
  Margery (Vaults:4)
  Saint Roka (Crypt:3)
  Xtahua (Vaults:4)
  A caustic shrike (Depths:3)
  4 golden dragons
  Jory (Depths:3)
  A profane servitor (Crypt:3)
  A bone dragon (Crypt:3)
  3 tentacled monstrosities (Vaults:5)
  A shard shrike zombie (Crypt:3)
  A walking crystal tome (Depths:3)
  A lich (Depths:2)
  Jorgrun (Elf:1)
  Asterion (Elf:1)
  3 deep elf blademasters
  4 titans
  2 deep elf master archers (Elf:3)
  A quicksilver dragon (Depths:3)
  Frances (Elf:1)
  8 sphinxes
  Agnes (Elf:1)
  Gastronok (Lair:1)
  5 ancient champions (Crypt:2)
  Polyphemus (Shoals:2)
  The ghost of Pebbae the Deadly Accurate, an adept DsGl of Dithmenos (Snake:4)
  A kraken (Shoals:2)
  7 tengu reavers
  A draconian monk (Depths:4)
  4 daevas (Pan)
  5 shadow dragons
  7 fire giants
  4 revenants
  A storm dragon (Vaults:5)
  7 nagarajas
  6 deep elf sorcerers
  2 iron dragons
  An azure jelly (shapeshifter) (Vaults:5)
  17 vault wardens
  5 frost giants
  A draconian knight (Depths:4)
  16 angels (Pan)
  6 imperial myrmidons (Desolation)
  3 curse skulls
  2 deep elf elementalists (Elf:3)
  A juggernaut zombie (Crypt:3)
  Louise (Shoals:4)
  5 ghouls (Crypt:3)
  11 ironbound preservers
  A reaper (Crypt:1)
  3 spriggan defenders
  3 ironbound thunderhulks
  12 apis (Pan)
  2 war gargoyles
  A green draconian (Depths:4)
  15 stone giants
  8 ophanim (Pan)
  11 deep elf demonologists
  22 very ugly things
  5 vampire knights
  4 spark wasps (Depths:2)
  6 dire elephants
  Azrael (Elf:2)
  A black draconian (Depths:4)
  A minotaur (Gauntlet)
  3 halazid warlocks (Desolation)
  2 white draconians (Depths:4)
  10 deep elf annihilators
  A red draconian (Depths:4)
  A spark wasp (shapeshifter) (D:15)
  A yellow draconian (Depths:4)
  8 eidola
  7 crystal guardians
  4 deep elf death magi
  11 merfolk impalers
  A mummy priest (Crypt:3)
  21 ettins
  7 jiangshi
  4 merfolk javelineers
  A quicksilver dragon zombie (Crypt:3)
  7 great orbs of eyes
  12 yaktaur captains
  7 fire dragons
  2 deep elf high priests
  4 entropy weavers
  2 fenstrider witch zombies
  10 ragged hierophants
  34 vault guards
  A spriggan zombie (D:15)
  13 ice dragons
  8 peacekeepers
  2 rakshasas (Depths:2)
  5 servants of whispers (Desolation)
  2 hell beasts (Depths:1)
  Erolcha (D:9)
  A salamander tyrant (Snake:3)
  3 catoblepae
  5 hydras
  The ghost of Lobster4 the Frost Mage, a journeyman HuIE of Sif Muna (D:10)
  Harold (D:11)
  2 caustic shrike simulacra
  A merfolk avatar (Shoals:4)
  3 alligator snapping turtles
  4 spriggan air magi
  3 ogre magi
  4 satyrs
  Erica (D:10)
  6 anacondas
  6 deep troll shamans
  3 merfolk aquamancers
  6 ironbound frosthearts
  2 boulder beetles (shapeshifter)
  32 dancing weapons
  11 centaur warriors
  7 death knights
  5 boulder beetles
  7 death yaks
  5 tengu warriors
  8 vampire magi
  8 naga warriors
  2 two-headed ogres
  8 spriggan berserkers
  12 naga sharpshooters
  An orc high priest (Elf:2)
  2 deep troll earth magi
  9 shock serpents
  23 hell knights
  2 titan zombies (Crypt:3)
  22 deep elf knights
  2 storm dragon zombies
  A sun demon (Depths:1)
  A titan skeleton (Crypt:1)
  Nergalle (Orc:2)
  2 sixfirhies
  2 soul eaters (Depths:1)
  Amaemon (Lair:2)
  A fire crab (Lair:5)
  A shadow wraith (Vaults:5)
  21 skeletal warriors
  2 iron trolls
  2 salamander mystics
  A bunyip zombie (Crypt:3)
  A golden dragon skeleton (Depths:2)
  25 sea snakes
  4 spriggan simulacra
  An anaconda zombie (Crypt:3)
  9 cherubim (Pan)
  2 obsidian statues (Depths:1)
  5 wizards
  45 deep trolls
  12 flayed ghosts
  2 orange crystal statues
  4 naga ritualists
  14 deep elf archers
  38 harpies
  19 ironbound convokers
  24 phantasmal warriors
  A bunyip skeleton (Crypt:2)
  42 deep elf zephyrmancers
  A wolf spider zombie (Crypt:2)
  A sphinx zombie (D:15)
  8 necromancers
  9 mana vipers
  A mana viper (shapeshifter) (Vaults:5)
  31 deep elf pyromancers
  10 orc sorcerers (Orc:2)
  5 lindwurms
  A tengu skeleton (Vaults:1)
  A stone giant zombie (Crypt:3)
  21 fauns
  6 wolf spiders (Crypt:3)
  A faun (shapeshifter) (Vaults:5)
  38 ugly things
  19 manticores
  14 cyclopes
  A naga zombie (Crypt:3)
  3 spectral centaurs (D:10)
  18 salamanders
  9 elephants
  2 centaur zombies
  17 vault sentinels
  13 water nymphs
  2 human skeletons
  3 molten gargoyles
  An eleionoma skeleton (Crypt:1)
  2 eyes of devastation (Depths:2)
  9 naga magi
  44 black mambas
  An elephant (shapeshifter) (D:13)
  4 orange demons
  A rust devil (Depths:1)
  7 guardian serpents
  11 merfolk sirens
  An alligator snapping turtle zombie (Crypt:1)
  An unseen horror (Depths:2)
  9 cane toads
  5 kobold demonologists
  12 large abominations
  Psyche (D:11)
  29 yaktaurs
  2 gargoyles (Gauntlet)
  2 minotaur zombies (Gauntlet)
  A rime drake (shapeshifter) (D:13)
  13 komodo dragons
  An efreet (D:14)
  A mana viper zombie (Crypt:2)
  A yaktaur (shapeshifter) (Vaults:5)
  4 tengu conjurers
  An anaconda simulacrum (Elf:3)
  A golden dragon simulacrum (IceCv)
  A bunyip simulacrum (Crypt:2)
  9 freezing wraiths
  A spark wasp simulacrum (Depths:2)
  A spriggan skeleton (D:15)
  4 red devils (Depths:1)
  A hydra zombie (Crypt:3)
  3 ice devils (Depths:1)
  2 queen bees
  A polar bear (Lair:4)
  6 wind drakes
  A shadow dragon simulacrum (Crypt:2)
  5 trolls
  35 merfolk
  2 harpy zombies (Crypt:3)
  4 hornets
  2 spectral meliai (D:10)
  A tengu simulacrum (Vaults:1)
  52 saltlings
  15 blink frogs
  2 ettin zombies (Crypt:3)
  38 slime creatures
  13 dream sheep
  A raiju (shapeshifter) (Vaults:5)
  13 snapping turtles
  A snapping turtle (shapeshifter) (Vaults:5)
  2 shadows
  3 centaur simulacra
  A jumping spider (Vaults:2)
  A jumping spider (shapeshifter) (Vaults:5)
  A tarantella zombie (Crypt:1)
  4 spriggans
  8 flying skulls
  38 yaks
  3 air elementals
  A dire elephant simulacrum (Elf:3)
  9 water elementals
  10 wraiths
  An ushabti (Crypt:3)
  12 wyverns
  6 fire elementals
  Grum (D:10)
  3 vampires
  5 basilisks
  4 chaos spawn
  4 steam dragons
  11 redbacks
  A neqoxec (Depths:1)
  2 vampire mosquitoes (D:11)
  A minotaur simulacrum (Elf:3)
  8 wargs
  A harpy simulacrum (IceCv)
  A human zombie (Vaults:1)
  33 nagas
  3 acid dragons
  7 hell hounds
  16 water moccasins
  3 small abominations (Depths:2)
  A cane toad zombie (Crypt:1)
  A floating eye (Depths:2)
  21 orc warriors
  A glowing shapeshifter skeleton (Vaults:1)
  2 ice beasts
  6 black bears
  12 ogres
  2 sky beasts
  A boggart (Vaults:1)
  A snapping turtle zombie (Crypt:1)
  2 alligator simulacra
  An ettin simulacrum (IceCv)
  A tengu (shapeshifter) (D:15)
  5 wolves
  18 centaurs
  A phantom (D:5)
  5 elf zombies (Elf:1)
  7 kobold brigands
  A komodo dragon zombie (Crypt:2)
  A deep troll simulacrum (Elf:3)
  A gnoll sergeant (D:12)
  3 scorpions
  13 necrophages (Crypt:3)
  16 bullfrogs
  A water moccasin zombie (Crypt:2)
  3 earth elementals (Elf:3)
  A komodo dragon skeleton (Crypt:2)
  6 wyvern skeletons (Crypt:3)
  5 wights (D:9)
  A raiju zombie (Crypt:1)
  64 killer bees
  4 lindwurm simulacra
  3 electric eels
  5 lava snakes (Lair:5)
  3 hounds
  9 orc priests
  A hound (shapeshifter) (Vaults:5)
  A gnoll bouda (Orc:1)
  3 jellies
  3 iguanas
  33 orc wizards
  2 hell rats (Lair:4)
  A deep dwarf skeleton (Crypt:2)
  A naga skeleton (Crypt:2)
  2 mummies (Crypt:3)
  15 gnolls
  7 river rats (Lair:4)
  6 adders
  A shadow imp (D:6)
  A white imp (D:8)
  An ufetubus (D:6)
  3 worms
  4 dart slugs
  57 orcs
  7 bats
  3 endoplasms (D:3)
  3 giant cockroaches
  5 goblins
  9 hobgoblins
  3 jackals (D:4)
  70 kobolds
  4 quokkas
  11 ball pythons
  A ball python skeleton (Crypt:2)
  3 frilled lizards
  A gnoll skeleton (Crypt:1)
  4 rats
  A bush (Elf:2)
  2 tentacles (Shoals:2)
  A withered plant (Crypt:3)
2272 creatures vanquished.

Vanquished Creatures (collateral kills)
  A merfolk impaler (Shoals:1)
  A merfolk (Shoals:1)
2 creatures vanquished.

Vanquished Creatures (others)
  A dread lich (Vaults:3)
  A blizzard demon (Depths:1)
  An ogre mage (D:14)
  A deep elf zephyrmancer (Elf:2)
  A black mamba (Snake:2)
  A naga mage (Snake:4)
  An ogre (Orc:2)
  A bush (Shoals:1)
  52 fungi
  155 plants
  2 tentacles (Shoals:2)
  34 withered plants
251 creatures vanquished.

Grand Total: 2525 creatures vanquished

Notes
Turn   | Place    | Note
-------+----------+-------------------------------------------
     0 | D:1      | runemasterragnar the Minotaur Monk began the quest for the
                  | Orb.
     0 | D:1      | Reached XP level 1. HP: 19/19 MP: 0/0
   120 | D:1      | Reached XP level 2. HP: 21/27 MP: 1/1
   786 | D:2      | Reached XP level 3. HP: 31/33 MP: 2/2
   968 | D:2      | Reached skill level 1 in Unarmed Combat
   998 | D:2      | Found Canuoluc's Armour Shop.
  1276 | D:2      | Found Bips's Antique Armour Boutique.
  1725 | D:3      | Reached XP level 4. HP: 41/41 MP: 3/3
  1848 | D:3      | Found a faded altar of an unknown god.
  2420 | D:5      | Entered Level 5 of the Dungeon
  2462 | D:5      | Noticed a scorpion
  2469 | D:5      | Killed a scorpion
  2470 | D:5      | Reached XP level 5. HP: 37/47 MP: 4/4
  2589 | D:5      | Noticed a centaur
  2592 | D:5      | Killed a centaur
  2593 | D:5      | Reached skill level 5 in Fighting
  2593 | D:5      | Reached skill level 5 in Axes
  2748 | D:5      | Noticed a phantom
  2756 | D:5      | Killed a phantom
  2757 | D:5      | Reached XP level 6. HP: 47/56 MP: 5/5
  2948 | D:5      | Reached skill level 5 in Dodging
  2954 | D:5      | Reached XP level 7. HP: 10/62 MP: 6/6
  3843 | D:6      | Found a glowing silver altar of Zin.
  3844 | D:6      | Found a white marble altar of Elyvilon.
  4180 | D:6      | Reached XP level 8. HP: 71/71 MP: 7/7
  4203 | D:6      | Found a sacrificial altar of Ru.
  4208 | D:6      | Found a shimmering altar of Xom.
  4211 | D:6      | Found a broken altar of Ashenzari.
  4211 | D:6      | Found a sparkling altar of Nemelex Xobeh.
  4211 | D:6      | Found a snail-covered altar of Cheibriados.
  4317 | D:6      | Became a worshipper of Cheibriados the Contemplative
  4317 | D:6      | Reached * piety under Cheibriados
  4317 | D:6      | Reached ** piety under Cheibriados
  4635 | D:4      | Reached *** piety under Cheibriados
  4653 | D:4      | Reached skill level 5 in Unarmed Combat
  4653 | D:4      | Reached skill level 1 in Invocations
  5619 | D:6      | Found Qagutero's Distillery.
  5655 | D:7      | Found a basalt altar of Yredelemnul.
  5667 | D:7      | Identified the +5 scimitar "Ekhlivee" {elec, rC+}
  5679 | D:7      | Found a shadowy altar of Dithmenos.
  5797 | D:7      | Reached XP level 9. HP: 80/80 MP: 10/10
  5946 | D:7      | Reached **** piety under Cheibriados
  5947 | D:7      | Reached skill level 1 in Shields
  6032 | D:7      | Found a staircase to the Ecumenical Temple.
  6218 | D:8      | Found Giti Satte's Neck Hole.
  6302 | D:8      | Reached skill level 1 in Armour
  6438 | D:8      | Noticed a boulder beetle
  6457 | D:8      | Killed a boulder beetle
  6648 | D:8      | Found a staircase to the Lair.
  6657 | D:8      | Reached XP level 10. HP: 78/90 MP: 12/12
  6697 | D:8      | Identified a scroll of acquirement
  6699 | D:8      | Acquired a +0 pair of boots of flying
  7218 | D:9      | Reached ***** piety under Cheibriados
  7506 | D:9      | Reached skill level 5 in Invocations
  7520 | D:9      | Noticed Erolcha
  7527 | D:9      | Killed Erolcha
  7528 | D:9      | Reached skill level 5 in Armour
  7528 | D:9      | Reached skill level 5 in Shields
  7563 | D:9      | Found a sacrificial altar of Ru.
  7593 | D:9      | Found a staircase to the Orcish Mines.
  7594 | D:9      | Found Osoust's Magic Scroll Shoppe.
  8208 | D:10     | Entered Level 10 of the Dungeon
  8264 | Orc:1    | Entered Level 1 of the Orcish Mines
  8436 | Orc:2    | Entered Level 2 of the Orcish Mines
  8662 | Orc:1    | Reached XP level 11. HP: 92/99 MP: 10/14
  9052 | Orc:1    | Noticed a lindwurm
  9081 | Orc:1    | Killed a lindwurm
  9327 | Orc:2    | Found a staircase to the Elven Halls.
  9389 | Orc:2    | Noticed an orc sorcerer
  9392 | Orc:2    | Noticed an orc sorcerer
  9396 | Orc:2    | Paralysed by an orc sorcerer for 4 turns
  9401 | Orc:2    | Killed an orc sorcerer
  9402 | Orc:2    | Reached skill level 10 in Fighting
  9402 | Orc:2    | Killed an orc sorcerer
  9532 | Orc:2    | Found Heklitaf's Book Shoppe.
  9783 | Orc:2    | Noticed an orc sorcerer
  9784 | Orc:2    | Noticed an orc sorcerer
  9784 | Orc:2    | Noticed an orc sorcerer
  9784 | Orc:2    | Noticed an orc sorcerer
  9785 | Orc:2    | Noticed a sixfirhy
  9785 | Orc:2    | Noticed a soul eater
  9787 | Orc:2    | Noticed a sixfirhy
  9788 | Orc:2    | Killed an orc sorcerer
  9788 | Orc:2    | Killed an orc sorcerer
  9788 | Orc:2    | Killed an orc sorcerer
  9788 | Orc:2    | Killed an orc sorcerer
  9801 | Orc:2    | Noticed an orc sorcerer
  9804 | Orc:2    | Killed an orc sorcerer
  9817 | Orc:2    | Noticed an orc sorcerer
  9824 | Orc:2    | Noticed a soul eater
  9826 | Orc:2    | Killed an orc sorcerer
  9849 | Orc:2    | Found a radiant altar of Vehumet.
  9852 | Orc:2    | Noticed an ogre mage
  9853 | Orc:2    | Noticed an orc sorcerer
  9854 | Orc:2    | Noticed an orc sorcerer
  9858 | Orc:2    | Paralysed by an orc sorcerer for 2 turns
  9860 | Orc:2    | Killed an orc sorcerer
  9861 | Orc:2    | Killed an orc sorcerer
  9866 | Orc:2    | Killed an ogre mage
 10063 | Orc:2    | Found Gosm's Distillery.
 10082 | Orc:2    | Found an ancient bone altar of Kikubaaqudgha.
 10085 | Orc:2    | Noticed Nergalle
 10097 | Orc:2    | Killed Nergalle
 10157 | Orc:2    | Found Qonink's Book Shop.
 10209 | Orc:2    | Found Soib's Book Shop.
 10211 | Orc:2    | Found Zooshera's Antique Armour Boutique.
 10538 | D:2      | Bought the +10 gold dragon scales "Quggomn" {Contam Harm
                  | rPois rF+ rC+ Will++ Int+8} for 1390 gold pieces
 10670 | D:8      | Bought a +0 cloak of preservation for 161 gold pieces
 10728 | D:9      | Reached XP level 12. HP: 55/108 MP: 16/16
 11026 | D:10     | Reached skill level 10 in Axes
 11195 | D:10     | Noticed Erica
 11197 | D:10     | Killed Erica
 11257 | D:10     | Found a runed translucent gate.
 11257 | D:10     | Found a runed translucent gate.
 11257 | D:10     | Found a runed translucent gate.
 11257 | D:10     | Noticed Lobster4's ghost (journeyman HuIE)
 11258 | D:10     | Noticed a two-headed ogre
 11264 | D:10     | Killed a two-headed ogre
 11265 | D:10     | Reached skill level 10 in Armour
 11389 | D:10     | Found an iron altar of Okawaru.
 11456 | D:10     | Noticed Grum
 11469 | D:10     | Killed Grum
 11687 | D:10     | Killed Lobster4's ghost
 12086 | D:11     | Noticed Harold
 12096 | D:11     | Killed Harold
 12183 | D:11     | Noticed Psyche
 12187 | D:11     | Killed Psyche
 12220 | D:11     | Reached ****** piety under Cheibriados
 12225 | D:11     | Reached skill level 10 in Unarmed Combat
 12844 | D:12     | Reached XP level 13. HP: 91/117 MP: 6/17
 13427 | D:12     | Found a portal to a secret trove of treasure.
 13444 | Trove    | Entered a treasure trove
 13451 | Trove    | Identified the +1 buckler of Gulekos {rElec rN++}
 13464 | Trove    | Identified the +0 buckler of Asow {Int+5}
 13475 | Trove    | Identified the +0 pair of boots of the Pink Corner {rF+
                  | SInv}
 13476 | Trove    | Identified the +1 pair of gloves of Mirth {Regen+ MP+9
                  | Str-2}
 13478 | Trove    | Identified the +2 ring mail of Safer {rPois}
 13877 | D:13     | Paralysed by a floating eye for 4 turns
 14153 | Lair:1   | Entered Level 1 of the Lair of Beasts
 14173 | Lair:1   | Found a transporter.
 14173 | Lair:1   | Noticed billz999's ghost (journeyman GnHu)
 14281 | Lair:1   | Found a transporter.
 14287 | Lair:1   | Noticed Gastronok
 14297 | Lair:1   | Killed Gastronok
 15125 | Lair:2   | Noticed Amaemon
 15135 | Lair:2   | Killed Amaemon
 15583 | Lair:2   | Found a staircase to the Snake Pit.
 16040 | Lair:3   | Found a staircase to the Shoals.
 16680 | Lair:3   | Reached skill level 10 in Shields
 16799 | Lair:3   | Reached XP level 14. HP: 118/127 MP: 19/19
 17199 | Lair:4   | Found a gate leading to a gauntlet.
 17225 | Gauntlet | Entered a Gauntlet
 17225 | Gauntlet | Found a transporter.
 17225 | Gauntlet | Found a transporter.
 17230 | Gauntlet | Found a transporter.
 17230 | Gauntlet | Found a transporter.
 17231 | Gauntlet | Found a transporter.
 17231 | Gauntlet | Found a transporter.
 17263 | Gauntlet | Found a transporter.
 17267 | Gauntlet | Found a transporter.
 17276 | Gauntlet | Found a transporter.
 17292 | Gauntlet | Found a transporter.
 17309 | Gauntlet | Found a transporter.
 17310 | Gauntlet | Found a transporter.
 17490 | Gauntlet | Identified the amulet of the Firefly {Spirit Drain rF+ rN+
                  | Int+8}
 17492 | Gauntlet | Identified the +10 whip of the Special Knives {flame, rF+
                  | Int+4}
 18468 | Lair:5   | Entered Level 5 of the Lair of Beasts
 19359 | Lair:5   | Found a viscous altar of Jiyva.
 19359 | Lair:5   | Found a staircase to the Slime Pits.
 19944 | Lair:5   | Found a large runed translucent door.
 19945 | Lair:5   | Found a large runed translucent door.
 19954 | Lair:5   | Reached skill level 10 in Invocations
 20311 | Lair:5   | Reached skill level 15 in Armour
 20311 | Lair:5   | Reached XP level 15. HP: 135/137 MP: 21/21
 20447 | Shoals:1 | Entered Level 1 of the Shoals
 22841 | Shoals:2 | Noticed Polyphemus
 22849 | Shoals:2 | Killed Polyphemus
 23456 | Shoals:2 | Reached XP level 16. HP: 133/147 MP: 21/23
 23853 | Shoals:2 | Noticed a kraken
 23856 | Shoals:2 | Killed a kraken
 24036 | Shoals:2 | Noticed a titan
 24049 | Shoals:2 | Killed a titan
 24684 | Shoals:3 | Found Rabluunogo's Jewellery Shop.
 25304 | Shoals:3 | Reached skill level 15 in Fighting
 25702 | Shoals:4 | Entered Level 4 of the Shoals
 26189 | Shoals:4 | Noticed Louise
 26206 | Shoals:4 | Killed Louise
 27209 | Shoals:4 | Got the Spellbook of the Retinue
 27212 | Shoals:4 | Got a barnacled rune of Zot
 27740 | Shoals:4 | Reached XP level 17. HP: 153/156 MP: 22/24
 27745 | Shoals:4 | Reached skill level 15 in Axes
 27760 | Shoals:4 | Got the Verses on Ghoulish Clay
 28040 | Shoals:4 | Got the Lessons on the Lethal Coals
 28353 | Snake:1  | Entered Level 1 of the Snake Pit
 28353 | Snake:1  | Found Kozxewy's Antique Armour Boutique.
 28368 | Snake:1  | Bought a pair of translucent gloves for 209 gold pieces
 28368 | Snake:1  | Identified the +0 pair of gloves "Melow" {rElec rPois rF++
                  | Str-2 Dex+2} (You bought it in a shop on level 1 of the
                  | Snake Pit)
 30053 | Snake:2  | Found a snail-covered altar of Cheibriados.
 31941 | Snake:4  | Entered Level 4 of the Snake Pit
 32458 | Snake:4  | Reached XP level 18. HP: 115/168 MP: 22/26
 32783 | Snake:4  | Found a runed translucent door.
 32783 | Snake:4  | Noticed Pebbae's ghost (adept DsGl)
 33178 | Snake:4  | Reached skill level 15 in Shields
 33317 | Snake:4  | Got a serpentine rune of Zot
 33546 | Snake:4  | Killed Pebbae's ghost
 33548 | Snake:4  | Identified the +7 battleaxe of Iskashun {freeze, rPois}
 33993 | D:13     | Reached skill level 15 in Unarmed Combat
 34182 | D:13     | Found a snail-covered altar of Cheibriados.
 35518 | D:14     | Found a large runed translucent door.
 35519 | D:14     | Found a large runed translucent door.
 35612 | D:14     | Found a gate to the Vaults.
 35926 | D:15     | Entered Level 15 of the Dungeon
 35963 | D:15     | Found a staircase to the Depths.
 37283 | Vaults:1 | Entered Level 1 of the Vaults
 37330 | Vaults:1 | Found Ukhlof's Jewellery Boutique.
 37414 | Vaults:1 | Found a crumbling gateway.
 37435 | Desolati | Entered the Desolation of Salt
 37554 | Desolati | Reached XP level 19. HP: 111/177 MP: 22/28
 37686 | Desolati | Identified the ring "Bytarrube" {rPois rC+ Str+6 Int+2
                  | SInv}
 37702 | Desolati | Identified the +8 falchion "Diutaq" {distort, +Blink rElec
                  | rPois rC-}
 37855 | Desolati | Identified the amulet of Epsej {Acrobat Rampage rC+ rN+
                  | Regen+}
 37866 | Desolati | Got the Octavo of the Stinger and the Union
 37868 | Desolati | Identified the ring of Niefudaed {Drain rCorr Int+4 Dex+6
                  | Slay-4}
 37872 | Desolati | Got the Anthology of Calefaction
 37877 | Desolati | Got the Catalogue of Concussion
 37880 | Desolati | Identified the ring "Gecwai" {*Slow Fly rC+ rCorr}
 37886 | Desolati | Got the Secrets of Noxious Shifting
 38071 | Desolati | Got the Discursus on Peregrination and Conjuration
 39964 | Vaults:2 | Found a staircase to the Crypt.
 40301 | Vaults:2 | Reached XP level 20. HP: 142/189 MP: 22/30
 40997 | Vaults:3 | You fall into a shaft and drop 1 floor!
 40997 | Vaults:4 | Found Cajouz's Antique Weapon Emporium.
 41043 | Vaults:4 | Found Wyzoruim's Distillery.
 41052 | Vaults:4 | Noticed Xtahua
 41063 | Vaults:4 | Killed Xtahua
 41070 | Vaults:4 | Bought a potion of heal wounds for 75 gold pieces
 41070 | Vaults:4 | Bought a potion of curing for 45 gold pieces
 41186 | Vaults:4 | Noticed Margery
 41201 | Vaults:4 | Killed Margery
 41301 | Vaults:4 | Reached skill level 15 in Invocations
 41456 | Vaults:4 | Found Fihiecut's Book Shop.
 41544 | Vaults:4 | Found Korok's Book Emporium.
 41550 | Vaults:4 | Bought a manual of Fighting for 800 gold pieces
 41637 | Vaults:4 | Found Ughuoc's Assorted Antiques.
 43455 | Vaults:3 | Noticed a dread lich
 43468 | Vaults:3 | Killed a dread lich
 43660 | Vaults:5 | Entered Level 5 of the Vaults
 43664 | Vaults:5 | Noticed a dread lich
 43676 | Vaults:4 | Reached XP level 21. HP: 80/201 MP: 10/31
 43915 | Vaults:5 | Killed a dread lich
 44644 | Vaults:5 | Identified the +1 helmet "Giohin" {Rampage Str+3 Dex+2}
 44703 | Vaults:5 | Identified the +5 hand axe "Piyw" {freeze, Int+2}
 45088 | Vaults:5 | Got the Tome of the Welkin and the Congregation
 45325 | Vaults:5 | Identified the +1 scale mail of the Immovable Wars {Will+
                  | Dex+7 Stlth-}
 45325 | Vaults:5 | Identified the ring "Nitoy" {rPois rF- rC+ rCorr}
 45339 | Vaults:5 | Got a silver rune of Zot
 46533 | Crypt:1  | Entered Level 1 of the Crypt
 48148 | Crypt:2  | Identified the ring "Kiashrira" {Ice rN++ Str+10 Int-5}
 48148 | Crypt:2  | Noticed Josephina
 48161 | Crypt:2  | Killed Josephina
 48162 | Crypt:2  | Reached XP level 22. HP: 140/215 MP: 22/33
 49401 | Crypt:3  | Entered Level 3 of the Crypt
 50480 | Crypt:3  | Found a staircase to the Tomb.
 50709 | Crypt:3  | Identified the +1 leather armour of Gezuox {rN+}
 50783 | Crypt:3  | Found a basalt altar of Yredelemnul.
 50807 | Crypt:3  | Noticed Saint Roka
 50822 | Crypt:3  | Killed Saint Roka
 51364 | Crypt:3  | Identified the +1 robe of Time Monsters {Fly rC+ Int+5
                  | Slay-4}
 51385 | Crypt:3  | Identified the +1 helmet "Wycw" {Will- Regen+ Str+3}
 52424 | Elf:1    | Entered Level 1 of the Elven Halls
 52559 | Elf:1    | Paralysed by an air elemental for 1 turns
 52628 | Elf:1    | Noticed Agnes
 52638 | Elf:1    | Killed Agnes
 52749 | Elf:1    | Found Qofridek's Weapon Shop.
 52758 | Elf:1    | Learned a level 2 spell: Wereblood
 52780 | Elf:1    | Noticed Frances
 52785 | Elf:1    | Killed Frances
 52919 | Elf:1    | Noticed Asterion
 52925 | Elf:1    | Killed Asterion
 53119 | Elf:1    | Got the Cyclopedia of Maleficent Rituals
 53143 | Elf:1    | Learned a level 2 spell: Blink
 53157 | Elf:1    | Learned a level 1 spell: Apportation
 53216 | Elf:1    | Noticed Jorgrun
 53220 | Elf:1    | Killed Jorgrun
 53807 | Elf:2    | Found a flickering gateway to a bazaar.
 53832 | Bazaar   | Entered a bazaar
 53832 | Bazaar   | Found Gicsump's Magic Scroll Shoppe.
 53832 | Bazaar   | Found Xotocounua's Assorted Antiques.
 53832 | Bazaar   | Found Jaseosakk's Weapon Shoppe.
 53844 | Bazaar   | Found Yniugom's General Store.
 53896 | Bazaar   | Bought a scroll of brand weapon for 85 gold pieces
 54044 | Elf:2    | Found an ancient bone altar of Kikubaaqudgha.
 54089 | Elf:2    | Reached XP level 23. HP: 227/227 MP: 34/34
 54116 | Elf:2    | Found a runed translucent gate.
 54117 | Elf:2    | Found a runed translucent gate.
 54117 | Elf:2    | Found a runed translucent gate.
 54247 | Elf:2    | Paralysed by an air elemental for 1 turns
 54411 | Elf:2    | Noticed Azrael
 54422 | Elf:2    | Killed Azrael
 55062 | Elf:3    | Entered Level 3 of the Elven Halls
 55103 | Elf:3    | Noticed Mara
 55104 | Elf:3    | Noticed runemasterragnar's illusion
 55111 | Elf:3    | Killed Mara
 55159 | Elf:3    | Identified the ring "Meebotoh" {rCorr AC+4}
 55223 | Elf:3    | Found a frozen archway.
 55280 | IceCv    | Entered an ice cave
 55392 | IceCv    | Found a transporter.
 55402 | IceCv    | Found a transporter.
 55497 | Elf:3    | Found Bebu's Weapon Shop.
 55597 | Elf:3    | Identified the +3 hand axe of the Onslaught {speed, rPois
                  | rF- rC+++ Int+4}
 55597 | Elf:3    | Identified the amulet of Awuotz {Faith rF++ Str+5 Stlth+}
 55741 | Elf:3    | Identified the +0 ring mail of the Lonely Deaths {rF+
                  | Regen+ Str-2}
 55743 | Elf:3    | Got the Writings on Maledictive Shaping
 56082 | Elf:3    | Identified the +12 quarterstaff of Accord {protect, rPois
                  | rC+ rN+ SInv}
 56368 | Elf:3    | Found a runed translucent door.
 56368 | Elf:3    | Paralysed by an air elemental for 1 turns
 57078 | Depths:1 | Entered Level 1 of the Depths
 57105 | Depths:1 | Found a gateway to Hell.
 57316 | Depths:1 | Found Ninwiy's Book Boutique.
 57917 | Depths:1 | Found a burning altar of Makhleb.
 57946 | Depths:1 | Gained mutation: You are clumsy. (Dex -2) [a neqoxec]
 57975 | Depths:1 | Reached XP level 24. HP: 164/239 MP: 27/35
 58117 | Depths:1 | Identified the +0 scale mail of Impermeability {rN+++ Str+3
                  | Int+3 Stlth-}
 58610 | Depths:1 | Found a burning altar of Makhleb.
 58610 | Depths:1 | Found the +14 obsidian axe {vorpal, Mesm Drain Fly SInv}
 58822 | Depths:2 | Noticed Vv
 58844 | Depths:2 | Killed Vv
 59280 | Depths:2 | Found the amulet of the Air {Inacc Air Fly rElec RMsl}
 59308 | Depths:2 | Found a one-way gate leading to the halls of Pandemonium.
 59749 | Depths:2 | Found a one-way gateway to a ziggurat.
 59756 | Depths:2 | Paralysed by a floating eye for 4 turns
 59761 | Depths:2 | Paralysed by a floating eye for 4 turns
 59765 | Depths:2 | Paralysed by a floating eye for 2 turns
 59767 | Depths:2 | Paralysed by a floating eye for 3 turns
 59882 | Depths:2 | Paralysed by a floating eye for 3 turns
 60144 | Depths:2 | Found a one-way gate to the infinite horrors of the Abyss.
 60360 | Depths:3 | Found a corrupted altar of Lugonu.
 60486 | Depths:3 | Noticed a dread lich
 60502 | Depths:3 | Paralysed by a dread lich for 3 turns
 60506 | Depths:3 | Killed a dread lich
 60672 | Depths:3 | Noticed Jory
 60695 | Depths:3 | Killed Jory
 61694 | Depths:4 | Entered Level 4 of the Depths
 61927 | Depths:4 | Found a gate to the Realm of Zot.
 61997 | Depths:4 | Reached XP level 25. HP: 250/250 MP: 35/35
 62119 | Depths:4 | Found Xiqanlei's Jewellery Emporium.
 62130 | Depths:4 | Found Itiegud's Jewellery Shoppe.
 62154 | Depths:4 | Found Fyill's Book Boutique.
 62190 | Depths:4 | Found Yplimy's Jewellery Shoppe.
 62246 | Depths:4 | Got the Spellbook of Dynamic Spellbinding
 62891 | Pan      | Entered Pandemonium
 63224 | Pan      | Noticed a seraph
 63248 | Pan      | Identified the +4 tower shield of Broken Taboos {Will-
                  | Dex+5}
 64075 | Pan      | Identified the +11 tower shield of Dim Light {Regen+ Str+4
                  | Int+6 Dex+2}
 64092 | Pan      | HP: 10/251 [daeva/divine providence (17)]
 64093 | Pan      | Slain by a daeva

Illustrated notes

Levels and vault maps discovered:
D:1:      nagdon_arrival_double_spiral, layout_basic
D:2:      cheibrodos_helix_gallery, layout_basic, serial_shops,
          nicolae_shop_statue_plus, nicolae_shop_behind_doors
D:3:      layout_rooms, chequers_ecumenical_altar_twisty
D:4:      minmay_goblin_kobold_castle, layout_basic
D:5:      layout_loops_corners, dk_vineyard_1
D:6:      layout_rooms, grunt_temple_overflow_open, serial_shops,
          kennysheep_mini, minmay_liquid_box
D:7:      layout_rooms, lemuel_crystal_altar, lemuel_crystal_altar,
          lemuel_temple_firewalk_b
D:8:      layout_basic, grunt_lair_entry_orc_guard_hut,
          nicolae_shop_sticking_my_neck_out
D:9:      layout_long_grid, orc_0_dummy, serial_shops, shop,
          kennysheep_small_circle, uniq_erolcha
D:10:     layout_roguey, hellmonk_okawaru_the_only_friend_you_need,
          gammafunk_ghost_necromancy, uniq_grum, uniq_erica
D:11:     layout_roguey, uniq_harold, uniq_psyche
D:12:     layout_basic, nicolae_trove_entry_free_sample,
          hangedman_abyss_or_decor_clamps, serial_park_tiny_pond
D:13:     layout_loops_corners, cheibrodos_worm_habitat
D:14:     doesnt_quadruple_sword, layout_basic,
          hangedman_vaults_entry_quadrant_bands, minmay_tree_intersection,
          st_stairs_7, grunt_decor_fettered, kennysheep_generic_room_6
D:15:     gammafunk_depths_entry_grave, layout_layer_cave, skrybe_limestone_x
Lair:1:   layout_gridlike, gammafunk_ghost_berserking_beasts, uniq_gastronok
Lair:2:   layout_roguey [special_room_bee], dummy_snake_entry, uniq_amaemon
Lair:3:   regret_index_wax_grids, layout_gridlike, minmay_shoals_entry_beasts
Lair:4:   layout_small_grid, gauntlet_entry_generic, columned_hall_lemuel,
          kennysheep_rathole, infiniplex_staircase_pool_2
Lair:5:   cheibrodos_lair_end_hotspot, layout_gridlike,
          minmay_slime_entry_pillars, chequers_serial_rivers_micro_c,
          serial_bayou_lagoon_a
Shoals:1: cheibrodos_shoals_satyrical_garden, layout_shoals
Shoals:2: cheibrodos_shoals_gigantism, layout_shoals, uniq_polyphemus
Shoals:3: layout_shoals, serial_shops, nicolae_take_the_stairs
Shoals:4: shoals_end_simple, layout_shoals, uniq_louise
Snake:1:  layout_rooms, serial_shops, nicolae_shop_statue_plus
Snake:2:  layout_onion, basic_altar, st_stairs_10
Snake:3:  layout_grid_maze, lemuel_fruit_tree, serial_bayou_shore_a,
          grunt_megastairs_1
Snake:4:  grunt_snake_rune_pools, layout_cave_town, gammafunk_ghost_grave
Orc:1:    layout_caves, nicolae_volcano_entry_vermiform, basic_altar
Orc:2:    kennysheep_orc_mage_school, layout_diamond_mine, serial_shops, shop
Elf:1:    nicolae_elf_arrival_fired_up, layout_loops_corners, serial_shops,
          shop, minmay_elf_crystal_hexagon, minmay_elf_necromancy, uniq_frances,
          uniq_agnes, uniq_jorgrun, uniq_asterion
Elf:2:    nicolae_elf_blades_crystal_corner, layout_geoelf_diagonals,
          serial_shops, bzr_entry_customers, basic_altar, solitary_fountain,
          uniq_azrael
Elf:3:    grunt_elf_hall_spiral, layout_gridlike,
          portal_ice_cave_entry_ice_simulacra, serial_shops,
          nicolae_shop_bloodbath_and_beyond, minivault_13, uniq_mara
Vaults:1: portal_desolation_entry_nicolae_nacl, v_misc_24, st_cells, v_misc_5,
          v_rooms_4, v_misc_5, v_pattern_5, vaults_mumra_chevron_long,
          v_misc_23, hangedman_vaults_maws, nicolae_vaults_border_crossing,
          layout_vaults_ring, serial_shops, shop
Vaults:2: grunt_vaults_hallway_short, nicolae_vaults_little_squares_3,
          vaults_mumra_chevron, vaults_dpeg_encased_lava, vaults_room_door_ring,
          minmay_crypt_entry_simple_round, layout_vaults_omnigrid
Vaults:3: hangedman_vaults_stretched_pinwheel, vaults_room_fancy_cross,
          vaults_mumra_minichess_inversion, ontoclasm_vaults_shuriken,
          vaults_room_guarded_vault, vaults_dpeg_hooks, v_misc_31,
          v_alt_pattern_2, vaults_room_fours, layout_vaults_big_room
Vaults:4: nicolae_vaults_halls_meeting, v_alt_pattern_2,
          ontoclasm_vaults_decontamination, nicolae_vaults_little_squares_5,
          v_pattern_1, nicolae_vaults_little_squares_1,
          nicolae_vaults_angled_halls, vaults_room_ringed_pool, v_misc_33,
          grunt_vaults_hallway_short, layout_vaults_omnicross, serial_shops,
          shop, shop, shop, nicolae_shop_trees,
          nicolae_shop_temple_entry_statues_fountains, uniq_xtahua, uniq_margery
Vaults:5: serial_shops
Crypt:1:  layout_catacombs
Crypt:2:  layout_catacombs, roderic_lattice_octagonal_star, uniq_josephina
Crypt:3:  evilmike_haunted_forest, uniq_saint_roka
Depths:1: layout_honeycomb, grunt_mini_vestibule, serial_shops,
          nicolae_shop_crystal, drop_trap, st_stairs_13,
          grunt_guarded_unrand_obsidian_axe
Depths:2: kennysheep_oblong_rooms, layout_honeycomb, enter_ziggurat_d,
          hell_entry, pan_entry, minmay_misc_feat_secret_circle,
          minmay_room_of_horrors, infiniplex_staircase_pool_1, uniq_vv
Depths:3: minmay_containers, layout_gridlike, abyss_entry_flame_altar,
          hangedman_coc_ice_floe, uniq_jory
Depths:4: grunt_zot_entry_alcove, layout_gridlike, serial_shops,
          nicolae_shop_crystal, hell_entry, serial_glass, glass_columns_a,
          glass_columns_b, minmay_misc_feat_doors, minivault_15,
          grunt_megastairs_2, minmay_shop_grove
Pan:      evilmike_holy_pan

Skill      XL: |  1  2  3  4  5  6  7  8  9 10 11 12 13 14 15 16 17 18 19 20 21 22 23 24 |
---------------+-------------------------------------------------------------------------+-----
Fighting       | 4 5 6 7 8 9 10 11 12 13 14 15 16 17 18 20 22 23 24 25 | 25.6
Axes           | 4 5 6 7 8 9 10 12 13 14 16 18 19 20 21 22 23 | 23.7
Unarmed Combat | 1 2 3 4 5 7 8 9 10 11 12 13 14 15 16 17 18 19 20 21 | 21.9
Dodging        | 4 5 6 7 8 |  8.1
Invocations    | 2 4 5 6 7 9 10 11 12 13 14 15 16 17 18 19 | 19.8
Shields        | 4 5 7 8 10 11 12 13 14 15 | 15.8
Armour         | 3 6 9 11 13 15 16 17 18 19 20 21 22 23 24 25 | 25.4
Stealth        | |  1.5

Action                   |  1- 3 |  4- 6 |  7- 9 | 10-12 | 13-15 | 16-18 | 19-21 | 22-24 | 25-27 || total
-------------------------+-------+-------+-------+-------+-------+-------+-------+-------+-------++-------
Melee: Hand axe          |    95 |    69 |   193 |    57 |       |       |       |       |       ||   414
       Headbutt          |    13 |    12 |    48 |    68 |   189 |   232 |   277 |   419 |    94 ||  1352
       Punch             |       |     3 |     8 |       |       |       |       |       |       ||    11
       Scimitar          |       |       |    22 |    29 |    14 |       |       |       |       ||    65
       Broad axe         |       |       |       |   276 |   728 |   909 |   949 |  1337 |   265 ||  4464
Throw: Dart              |       |       |    13 |     8 |     1 |       |       |       |       ||    22
       Javelin           |       |       |       |       |       |       |       |     2 |       ||     2
 Cast: Wereblood         |       |       |       |       |       |       |       |     7 |     1 ||     8
       Blink             |       |       |       |       |       |       |       |     2 |       ||     2
Invok: Slouch            |       |       |     1 |     9 |     3 |     7 |     6 |     8 |     1 ||    35
       Bend Time         |       |       |       |       |       |     1 |     1 |     2 |       ||     4
Evoke: Wand              |       |       |     3 |     5 |     5 |     1 |       |       |       ||    14
       Box of beasts     |       |       |       |       |       |     1 |       |       |       ||     1
  Use: Potion            |       |       |     5 |     3 |     2 |     6 |     2 |     1 |    10 ||    29
       Scroll            |       |       |       |    18 |    11 |    11 |     2 |    13 |     2 ||    57
 Stab: Sleeping          |     3 |     3 |     4 |       |       |       |       |       |       ||    10
Armor: Robe              |    20 |    13 |    21 |       |       |       |       |       |       ||    54
       Skin              |       |       |    20 |       |       |       |       |       |       ||    20
       Ring mail         |       |       |    26 |    97 |       |       |       |       |       ||   123
       Gold dragon scale |       |       |       |   116 |   579 |   569 |   518 |   744 |   244 ||  2770
Dodge: Dodged            |    83 |    54 |   178 |   258 |   494 |   573 |   453 |   660 |   141 ||  2894
Block: Kite shield       |       |       |    30 |   283 |   697 |   978 |     3 |       |       ||  1991
       Buckler           |       |       |       |       |       |       |   461 |   599 |   153 ||  1213

Table legend: (Time is in decaauts)
 A = Elapsed time spent in this place.
 B = Non-inter-level travel time spent in this place.
 C = Inter-level travel time spent in this place.
 D = Time resting spent in this place.
 E = Time spent auto-exploring this place.
 F = Levels seen in this place.
 G = Mean time per level.
                   A        B        C        D        E       F      G
               +--------+--------+--------+--------+--------+-----+--------+
         Total |  94765 |  88354 |   6411 |   5450 |  68508 |  51 | 1858.1 |
       Dungeon |  22880 |  20426 |   2454 |    574 |  17157 |  15 | 1525.3 |
          Lair |   9502 |   8921 |    581 |    921 |   6841 |   5 | 1900.4 |
        Shoals |  10265 |   9770 |    495 |   1234 |   6850 |   4 | 2566.2 |
     Snake Pit |   8206 |   7821 |    385 |      0 |   6939 |   4 | 2051.5 |
  Orcish Mines |   3506 |   3038 |    468 |    168 |   2146 |   2 | 1753.0 |
   Elven Halls |   6517 |   5970 |    547 |    199 |   4455 |   3 | 2172.3 |
        Vaults |  12751 |  12014 |    737 |    783 |   9454 |   5 | 2550.2 |
         Crypt |   8620 |   8262 |    358 |    655 |   6614 |   3 | 2873.3 |
        Depths |   8796 |   8413 |    383 |    216 |   6908 |   4 | 2199.0 |
   Pandemonium |   1559 |   1559 |      0 |    533 |    264 |   1 | 1559.0 |
        Bazaar |    127 |    127 |      0 |      0 |     91 |   1 |  127.0 |
         Trove |     66 |     66 |      0 |      0 |      3 |   1 |   66.0 |
      Ice Cave |    219 |    219 |      0 |      0 |    111 |   1 |  219.0 |
    Desolation |   1180 |   1180 |      0 |     94 |    518 |   1 | 1180.0 |
      Gauntlet |    565 |    565 |      0 |     73 |    154 |   1 |  565.0 |
               +--------+--------+--------+--------+--------+-----+--------+

Top non-repeatable levels by time:
 Crypt:3: 3841 daAuts
Vaults:5: 3289 daAuts
Shoals:4: 3225 daAuts
Shoals:1: 2845 daAuts
  Lair:5: 2727 daAuts
Vaults:4: 2665 daAuts
    D:15: 2557 daAuts
Vaults:1: 2494 daAuts
Depths:1: 2479 daAuts
   Elf:1: 2445 daAuts
 Crypt:1: 2430 daAuts
 Snake:4: 2413 daAuts
  Lair:3: 2378 daAuts
Depths:2: 2353 daAuts
 Crypt:2: 2348 daAuts
